 Dungeon Crawl Stone Soup version 0.27-a0-1359-ga2a4dfd6fd (webtiles) character file.

Game seed: 3978570723526181087

85 dinky3 the Magician (level 4, -2/21 HPs)
             Began as a Spriggan Air Elementalist on June 28, 2021.
             Slain by a jelly (3 damage)
             ... on level 6 of the Dungeon.
             The game lasted 00:06:37 (1214 turns).

dinky3 the Magician (Spriggan Air Elementalist)     Turns: 1214, Time: 00:06:37

Health: -2/21      AC: -2    Str:  4    XL:     4   Next: 25%
Magic:  11/11      EV: 17    Int: 17    God:
Gold:   171        SH:  0    Dex: 15    Spells: 0/11 levels left

rFire    . . .     SeeInvis +   b - +0 dagger
rCold    + . .     Faith    .   (shield restricted)
rNeg     . . .     Spirit   .   a - +0 robe
rPois    .         Reflect  .   (helmet restricted)
rElec    .         Harm     .   (no cloak)
rCorr    .         Rampage  .   (gloves unavailable)
Will     .....                  (boots unavailable)
Stlth    ++........             (no amulet)
HPRegen  0.07/turn              q - ring of protection from cold
MPRegen  0.12/turn              (no ring)

@: corroded, very quick
A: very small, no large weapons, unfitting armour, see invisible, speed 3
a: no special abilities


You were on level 6 of the Dungeon.
You visited 1 branch of the dungeon, and saw 6 of its levels.

You collected 171 gold pieces.

Inventory:

Hand Weapons
 b - a +0 dagger (weapon)
 u - the +8 whip "Tormentor" {venom, rC+++ Str+8 Int-5 Dex-2}
   (You found it on level 5 of the Dungeon)

   It poisons the flesh of those it strikes.
   Str:       It affects your strength (+8).
   Int:       It affects your intelligence (-5).
   Dex:       It affects your dexterity (-2).
   rC:        It renders you almost immune to cold.
Missiles
 o - 2 throwing nets
Armour
 a - a +0 robe (worn)
 p - a +0 buckler
Jewellery
 q - a ring of protection from cold (left hand)
 t - a +6 ring of intelligence
Scrolls
 c - 2 scrolls of amnesia
 g - 2 scrolls of fear {unknown}
 h - a scroll of silence {unknown}
 i - a scroll of noise
 k - a scroll of enchant armour {unknown}
 l - a scroll of immolation {unknown}
 m - a scroll of identify {unknown}
Potions
 d - a potion of brilliance {unknown}
 e - a potion of attraction {unknown}
 f - a potion of flight {unknown}
 j - a potion of lignification {unknown}
 n - 2 potions of heal wounds {unknown}
 r - a potion of ambrosia {unknown}
 s - a potion of curing {unknown}


   Skills:
 - Level 2.6 Dodging
 - Level 3.0 Stealth
 - Level 4.4 Spellcasting
 - Level 0.6 Conjurations
 + Level 0.0 Summonings
 + Level 3.8 Air Magic


You couldn't memorise any spells.
You knew the following spells:

 Your Spells              Type           Power      Damage    Failure   Level
a - Shock                 Conj/Air       44%        1d5       6%          1
b - Static Discharge      Conj/Air       11%        N/A       10%         2
c - Airstrike             Air            8%         N/A       30%         4
d - Summon Lightning Spi  Summ/Air       10%        N/A       56%         4

Your spell library contained the following spells:

 Spells                   Type           Power      Damage    Failure   Level
 Swiftness                Air            16%        N/A       10%         3
 Summon Small Mammal      Summ           12%        N/A       16%         1
 Call Imp                 Summ           3%         N/A       22%         2
 Call Canine Familiar     Summ           3%         N/A       41%         3
 Summon Guardian Golem    Hex/Summ       3%         N/A       41%         3
 Summon Ice Beast         Ice/Summ       3%         N/A       83%         4
 Lightning Bolt           Conj/Air       5%         1d17      86%         5


Dungeon Overview and Level Annotations

Branches:
Dungeon (6/15)
 Temple: D:4-7

Altars:
Dithmenos
Hepliaklqana

Shops:
D:3 ?

Annotations:
D:6 Blork the orc


Innate Abilities, Weirdness & Mutations

You are very small and have problems with some larger weapons.
You are too small for most types of armour.
You have supernaturally acute eyesight. (SInv)
You cover ground extremely quickly. (Speed+++)


Message History

You now have 171 gold pieces (gained 17).
The necrophage misses you.
There is a stone staircase leading down here.
The ogre shouts!
The hound misses you.
You climb downwards.
A jelly comes into view.
There is a stone staircase leading up here.
Found a leather armour.
You see here a +0 leather armour.
Found a robe.
You hit the jelly. The acid corrodes you!
Your hands burn!
The jelly is lightly wounded.
The jelly misses you. The hound bites you. The jelly barely misses you.
A white imp comes into view.
The helpless white imp fails to defend itself.
You hit the white imp.
The white imp is heavily wounded.
The hound bites you.
The white imp shouts, "Slither home, thou warped fen-sucked malt-worm!"
The white imp misses you.
An iguana comes into view.
The iguana hisses angrily.
Blork the orc comes into view.
He is wielding a +0 glaive.
The white imp hits you.
* * * LOW HITPOINT WARNING * * *
The white imp freezes you. You resist.
* * * LOW HITPOINT WARNING * * *
A centaur comes into view.
Blork the orc shouts!
The jelly jiggles.
Okay, then.
The white imp hits you.
* * * LOW HITPOINT WARNING * * *
The white imp freezes you. You resist.
* * * LOW HITPOINT WARNING * * *
Unknown command.
The jelly hits you.
You die...

#### ..# #########[#
#.........#######
#.#...##........##.#
#........J#.......#
#.#<....@.5h..ol.#.#
#.#.....#######c#.#
#.#.#.#.... .#.
#.#.#.#.### .#
#.#.#.#.# c#
#[#.#.#.# . #.#.# #.
#...# #. #####


You could see Blork the orc, a centaur, an iguana, a hound, a jelly and a white
imp.

Vanquished Creatures
  A hound (D:5)
  A hound zombie (D:3)
  An adder (D:3)
  An adder skeleton (D:4)
  A dart slug (D:1)
  4 bats
  An endoplasm (D:3)
  A giant cockroach (D:3)
  3 hobgoblins (D:2)
  3 jackals (D:1)
  2 kobolds (D:1)
  3 quokkas
  3 ball pythons
  A frilled lizard (D:1)
  A rat (D:1)
27 creatures vanquished.

Notes
Turn   | Place    | Note
-------+----------+-------------------------------------------
     0 | D:1      | dinky3 the Spriggan Air Elementalist began the quest for
                  | the Orb.
     0 | D:1      | Reached XP level 1. HP: 9/9 MP: 5/5
   164 | D:1      | Reached skill level 3 in Spellcasting
   203 | D:1      | Reached XP level 2. HP: 11/13 MP: 2/7
   447 | D:2      | Learned a level 2 spell: Static Discharge
   603 | D:3      | Reached XP level 3. HP: 9/16 MP: 0/9
   607 | D:3      | Found Nomihoro's Magic Scroll Shoppe.
   741 | D:3      | Reached skill level 4 in Spellcasting
   746 | D:3      | Found a hazy altar of Hepliaklqana.
   749 | D:3      | Found a shadowy altar of Dithmenos.
   749 | D:3      | Noticed a shadow
   846 | D:5      | Entered Level 5 of the Dungeon
   923 | D:5      | Reached XP level 4. HP: 7/21 MP: 7/11
  1068 | D:5      | Learned a level 4 spell: Airstrike
  1073 | D:5      | Learned a level 4 spell: Summon Lightning Spire
  1081 | D:5      | Noticed an ogre
  1091 | D:5      | Noticed a water moccasin
  1150 | D:5      | Identified the +8 whip "Tormentor" {venom, rC+++ Str+8
                  | Int-5 Dex-2}
  1166 | D:5      | Noticed a necrophage
  1209 | D:6      | Noticed Blork the orc
  1210 | D:6      | Noticed a centaur
  1211 | D:6      | HP: 1/21 [white imp (2)]
  1214 | D:6      | Slain by a jelly

Illustrated notes

Levels and vault maps discovered:
D:1:      sevenhm_arrival_forest_fort_small_3, layout_basic,
          shapermc_ecumenical_altar_totnotflames, serial_glass, glass_columns_a,
          glass_columns_b, item_on_display_a, minmay_strange_pillars,
          due_unseen_surprise, minmay_strange_pillars, chequers_mini_garden,
          minmay_heptomino_l4
D:2:      layout_loops_ring
D:3:      layout_basic, riverfiend_overflow_shadow_ancestor, serial_shops,
          nicolae_shop_crystal, shop_scrolls, nicolae_shop_stone,
          due_unseen_surprise, uniq_crazy_yiuf_cottage
D:4:      layout_basic, kennysheep_mini_moat, minmay_misc_feat_diagonals,
          uniq_pikel
D:5:      layout_cave_pools, kennysheep_cross_room
D:6:      layout_basic, minmay_temple_entry_ruins, uniq_blork_the_orc

Skill      XL: |  1  2  3 |
---------------+----------+-----
Spellcasting   | 3 4 |  4.4
Air Magic      | 3 |  3.8
Dodging        | |  2.6
Stealth        | |  3.0
Conjurations   | |  0.6

Action                   |  1- 3 |  4- 6 || total
-------------------------+-------+-------++-------
Melee: Dagger            |    27 |     2 ||    29
       Unarmed           |     1 |       ||     1
 Cast: Shock             |    26 |       ||    26
       Static Discharge  |     6 |       ||     6
  Use: Scroll            |     2 |       ||     2
 Stab: Sleeping          |     6 |     1 ||     7
Armor: Robe              |    10 |     1 ||    11
Dodge: Dodged            |    61 |    11 ||    72

Table legend: (Time is in decaauts)
 A = Elapsed time spent in this place.
 B = Non-inter-level travel time spent in this place.
 C = Inter-level travel time spent in this place.
 D = Time resting spent in this place.
 E = Time spent auto-exploring this place.
 F = Levels seen in this place.
 G = Mean time per level.
                   A        B        C        D        E       F      G
               +--------+--------+--------+--------+--------+-----+--------+
         Total |    785 |    785 |      0 |      0 |      0 |   6 |  130.8 |
       Dungeon |    785 |    785 |      0 |      0 |      0 |   6 |  130.8 |
               +--------+--------+--------+--------+--------+-----+--------+

Top non-repeatable levels by time:
     D:1: 238 daAuts
     D:5: 213 daAuts
     D:2: 136 daAuts
     D:3: 132 daAuts
     D:4: 44 daAuts
     D:6: 20 daAuts
